 Dungeon Crawl Stone Soup version 0.31-a0-152-g6aa68a64a1 (webtiles) character file.

Game seed: 4775584367564901342

114 qw the Shooter (level 4, -2/40 HPs)
             Began as a Minotaur Hunter on June 10, 2023.
             Slain by Sigmund
             ... wielding a +0 scythe
              (5 damage)
             ... on level 2 of the Dungeon.
             The game lasted 00:00:36 (1523 turns).

qw the Shooter (Minotaur Hunter)                    Turns: 1523, Time: 00:00:37

Health: -2/40      AC:  3    Str: 15    XL:     4   Next: 67%
Magic:  3/3        EV: 12    Int:  6    God:
Gold:   177        SH:  0    Dex: 16    Spells: 3/3 levels left

rFire   . . .        Y - +1 shortbow
rCold   . . .        (shield currently unavailable)
rNeg    . . .        c - +0 leather armour
rPois   .            (helmet restricted)
rElec   .            (no cloak)
rCorr   .            (no gloves)
SInv    .            (no boots)
Will    .....        (no amulet)
Stlth   +            (no ring)
HPRegen 0.26/turn    (no ring)
MPRegen 0.08/turn

%: no passive effects
@: confused
A: horns 2, retaliatory headbutt
a: no special abilities


You were on level 2 of the Dungeon.
You visited 1 branch of the dungeon, and saw 2 of its levels.

You collected 177 gold pieces.


Innate Abilities, Weirdness & Mutations

You have a pair of horns on your head.
You reflexively headbutt those who attack you in melee.


   Skills:
 - Level 4.0 Fighting
 + Level 6.0 Ranged Weapons
 - Level 2.1 Dodging
 - Level 0.7 Stealth


You had 3 spell levels left.
You didn't know any spells.
Your spell library was empty.

Inventory:

Hand Weapons
 Y - a +1 shortbow (weapon)
Armour
 c - a +0 leather armour (worn)
Scrolls
 a - a scroll of noise {unknown}
Potions
 b - a potion of degeneration {unknown}
 d - a potion of berserk rage {unknown}
 e - a potion of heal wounds {unknown}
 f - a potion of ambrosia {unknown}
 g - a potion of lignification {unknown}
 h - a potion of curing {unknown}

Dungeon Overview and Level Annotations

Branches:
Dungeon (2/15)

Altars:

Annotations:
D:2 Sigmund


Message History

You shoot an arrow. The arrow hits the gnoll.
The gnoll is heavily wounded.
The gnoll closely misses you.
Sigmund giggles. "Time to reap what you sow."
The gnoll barely misses you.
You shoot an arrow. The arrow hits the gnoll.
The gnoll is heavily wounded.
The gnoll closely misses you.
Sigmund casts a spell.
Sigmund flickers and vanishes!
Deactivating autopickup; reactivate with Ctrl-A.
You shoot an arrow. The arrow barely misses the gnoll.
The gnoll hits you from afar with a +4 spear!
You shoot an arrow. The arrow hits the gnoll.
The gnoll is severely wounded.
The gnoll hits you from afar with a +4 spear.
You shoot an arrow.
The arrow hits the gnoll but does no damage.
The gnoll is severely wounded.
Something barely misses you. The gnoll barely misses you.
You shoot an arrow. The arrow hits the gnoll.
The gnoll is almost dead.
The gnoll closely misses you. Something hits you but does no damage.
You shoot an arrow. The arrow barely misses the gnoll.
The gnoll closely misses you.
You shoot an arrow. The arrow hits the gnoll.
You kill the gnoll!
Something hits you!
Your Fighting skill increases to level 4!
You shoot an arrow.
You hear some strange, mumbled words.
You are confused.
You shoot an arrow. Something hits you!
You shoot an arrow. Something hits you!
You shoot an arrow. You shoot an arrow. Something hits you.
You die...

..........## .#.
.............. ..
............##
#.####..###########
#$......# ###
#####..)....# #..
......{)....# #.#
............# ...
#.@....# ...
###......#### ...
#......).<..# ...
#.....#..##.# ...
#..##.#..##.# ...
#..##.....#.# ...
#.####..##.#...#.#
...
#>.............#.#
...
######..#.##.##.#
...


There were no monsters in sight!

Vanquished Creatures
  2 adders (D:2)
  4 gnolls (D:2)
  A worm (D:2)
  2 dart slugs
  6 bats
  2 endoplasms (D:1)
  5 giant cockroaches (D:2)
  5 goblins (D:1)
  3 hobgoblins
  4 jackals (D:1)
  3 kobolds
  3 quokkas (D:1)
  2 ball pythons
  4 frilled lizards
  3 rats
49 creatures vanquished.

Notes
Turn   | Place    | Note
-------+----------+-------------------------------------------
     0 | D:1      | qw the Minotaur Hunter began the quest for the Orb.
     0 | D:1      | Reached XP level 1. HP: 18/18 MP: 0/0
     0 | D:1      | 0 ||| qw: Version: 0.2-a-122-gbc61b45
     0 | D:1      | 0 ||| qw: Game counter: 3585
     0 | D:1      | 0 ||| qw: Always use a shield: true
     0 | D:1      | 0 ||| qw: God list: Okawaru
     0 | D:1      | 0 ||| qw: Allow faded altars: false
     0 | D:1      | 0 ||| qw: Do Orc after D:15 true
     0 | D:1      | 0 ||| qw: Do second Lair branch before Depths: true
     0 | D:1      | 0 ||| qw: Lair rune preference: random
     0 | D:1      | 0 ||| qw: Plans: Normal
     0 | D:1      | 0 ||| PLANNING D:1-11
   178 | D:1      | Reached XP level 2. HP: 13/25 MP: 1/1
   179 | D:1      | Reached skill level 5 in Ranged Weapons
   261 | D:1      | Reached skill level 3 in Fighting
   527 | D:1      | Reached XP level 3. HP: 31/31 MP: 2/2
   829 | D:1      | 829 ||| READING scroll labelled ZUPSEL COCY.
   830 | D:1      | 830 ||| READING scroll labelled URE PIG BINK.
   833 | D:1      | 833 ||| DROPPING scroll of butterflies.
  1431 | D:2      | Reached skill level 6 in Ranged Weapons
  1431 | D:2      | Reached XP level 4. HP: 25/38 MP: 3/3
  1509 | D:2      | Noticed Sigmund
  1521 | D:2      | HP: 2/40 [something (9)]
  1523 | D:2      | Slain by Sigmund

Levels and vault maps discovered:
D:1:      psy_arrival_conway, layout_loops_ring, minmay_crystal_water,
          hex_medium, chequers_serial_rivers_room_b
D:2:      layout_basic, minmay_worlds_worst_comb, uniq_sigmund

Skill      XL: |  1  2  3  4 |
---------------+-------------+-----
Ranged Weapons | 5 6 |  6.0
Fighting       | 3 4 |  4.0
Dodging        | |  2.1
Stealth        | |  0.7

Action                     |  1- 3 |  4- 6 || total
---------------------------+-------+-------++-------
   Fire: Shortbow          |   129 |    28 ||   157
    Use: Scroll            |     2 |       ||     2
 Armour: Leather armour    |    19 |     1 ||    20
  Dodge: Dodged            |    53 |     8 ||    61

Table legend:
 A = Non-vault XP
 B = Vault XP
 C = Vault XP percentage of total XP
 D = Non-vault monster count
 E = Vault monster count
 F = Vault count percentage of total count
                 A         B        C        D         E       F
            +---------+---------+-------+---------+---------+-------
      Total |     156 |       8 |   4.9 |      45 |       4 |   8.2
            +---------+---------+-------+---------+---------+-------
        D:1 |      45 |       0 |   0.0 |      24 |       0 |   0.0
        D:2 |     111 |       8 |   6.7 |      21 |       4 |  16.0
            +---------+---------+-------+---------+---------+-------
